 Dungeon Crawl Stone Soup version 0.19-a0-376-gf780d9b (webtiles) character file.

55 FrancescoMac the Sneak (level 3, 0/31 HPs)
             Began as a Ghoul Assassin on May 30, 2016.
             Killed by divine providence
             ... invoked by an orc priest
              (12 damage)
             ... on level 2 of the Dungeon.
             The game lasted 00:07:10 (1382 turns).

FrancescoMac the Sneak (Ghoul Assassin)             Turns: 1382, Time: 00:07:12

Health: 0/31       AC:  5    Str: 14    XL:     3   Next: 93%
Magic:  2/2        EV: 12    Int:  6    God:
Gold:   90         SH:  0    Dex: 11    Spells: 0 memorised, 2 levels left

rFire  . . .     SeeInvis .     a - +4 dagger
rCold  + . .     Gourm    .     c - +0 robe
rNeg   + + +     Faith    .     (no shield)
rPois  ∞         Spirit   .     (no helmet)
rElec  .         Dismiss  .     d - +0 cloak
rCorr  .         Reflect  .     q - +0 pair of gloves
SustAt .         Harm     .     x - +0 pair of boots
MR     .....                    (no amulet)
Stlth  +++.......               (no ring)
                                (no ring)

@: rotting, slowed, very slow, not resistant to hostile enchantments, fairly
stealthy
A: rotting body, claws 1, carnivore 3, cold resistance 1, negative energy
resistance 3, slow regeneration 1, torment resistance, unbreathing
a: no special abilities


You were on level 2 of the Dungeon.
You were not hungry.

You visited 1 branch of the dungeon, and saw 3 of its levels.

You collected 90 gold pieces.

Inventory:

Hand Weapons
 a - a +4 dagger (weapon)
 b - a +0 blowgun
Missiles
 e - 8 poisoned needles
 f - 2 curare-tipped needles
Armour
 c - a +0 robe (worn)
 d - a +0 cloak (worn)
 q - a +0 pair of gloves (worn)
 x - a +0 pair of boots (worn)
Wands
 u - a wand of slowing (21/48)
Scrolls
 i - a scroll of remove curse
 r - 3 scrolls of identify
Potions
 l - 2 potions of degeneration
 p - a potion of heal wounds
Comestibles
 g - a meat ration
 j - a beef jerky
 k - 5 chunks of flesh


   Skills:
 + Level 3.0 Fighting
 + Level 2.3 Short Blades
 - Level 1.7 Throwing
 + Level 1.6 Dodging
 + Level 4.9 Stealth


You had 2 spell levels left.
You didn't know any spells.

Dungeon Overview and Level Annotations

Branches:
Dungeon (3/15)

Altars:
Yredelemnul

Annotations:
D:3 Ijyb


Innate Abilities, Weirdness & Mutations

Your body is rotting away.
You thrive on raw meat.
You are immune to poison.
You have sharp fingernails.
You are carnivorous and can eat meat at any time.
Your flesh is cold resistant. (rC+)
You are immune to negative energy. (rN+++)
You regenerate slowly when monsters are visible.
You are immune to unholy pain and torment.
You can survive without breathing.


Message History

The orc wizard flickers and vanishes!
Deactivating autopickup; reactivate with Ctrl-A.
The orc priest closely misses you. The worm barely misses you.
Ijyb hits you but does no damage.
The orc priest calls down the wrath of Beogh upon you.
Beogh smites you! The ooze misses you. The orc priest barely misses you.
Ijyb zaps a wand.
You resist with significant effort.
The giant gecko bites you but does no damage.
There is a stone staircase leading up here.
The ooze hits you.
The quokka bites you but does no damage.
The giant gecko completely misses you. The ooze hits you but does no damage.
The quokka bites you but does no damage.
You climb upwards.
There is a stone staircase leading down here.
You closely miss the giant gecko. The giant gecko barely misses you.
The quokka misses you. The ooze closely misses you. The giant gecko misses you.
The orc priest invokes the aid of Beogh against you.
Beogh smites you!
You die...

.....# ##..# .##### #.## .#
#.## .### #####..##
...###.......#
#........###.## #.###..#.#
#..# #.##.....# ##.#####
#.##..#### #.ol@r# #.....#
#####J# ......# #.# ...)..#
##.######### ......#
#..........# ......#######
#..........#
............####..........#
......#####...##..........#
......#######.##.....(....#


You could see an orc priest, an ooze, a giant gecko and a quokka.

Vanquished Creatures
  2 adders (D:2)
  A worm (D:2)
  A dart slug (D:2)
  2 giant cockroaches (D:2)
  4 goblins
  5 hobgoblins
  4 bats
  4 giant newts
  6 kobolds
  4 rats
33 creatures vanquished.

Notes
Turn   | Place    | Note
--------------------------------------------------------------
     0 | D:1      | FrancescoMac the Ghoul Assassin began the quest for the Orb.
     0 | D:1      | Reached XP level 1. HP: 17/17 MP: 0/0
   290 | D:1      | Reached skill level 1 in Dodging
   417 | D:1      | Reached XP level 2. HP: 23/25 MP: 1/1
   989 | D:2      | Reached XP level 3. HP: 27/30 MP: 2/2
  1371 | D:3      | Found a basalt altar of Yredelemnul.
  1371 | D:3      | Noticed Ijyb
  1382 | D:2      | Killed from afar by an orc priest

Vault maps used:
D:1:      dpeg_arrival_pits, minmay_tree_intersection, columned_hall_lemuel,
          minmay_misc_feat_rows
D:3:      lemuel_round_altar, yredelemnul_altar_generic, uniq_robin, uniq_iyjb

Skill      XL: |  1  2  3 |
---------------+----------+-----
Dodging        | 1 |  1.6
Short Blades   | 2 |  2.3
Fighting       | 3 |  3.0
Throwing       | |  1.7
Stealth        | |  4.9

Action                   || total
-------------------------++-------
Melee: Dagger            ||   117
  Use: Scroll            ||    10
       Potion            ||     4
 Stab: Sleeping          ||     7
  Eat: Chunk             ||     5
Armor: Robe              ||    32
Dodge: Dodged            ||    92
